Map: Línea Aguablanca EE

Players

MrFercho

  • Race: Zerg Zerg
  • League: Silver
  • Spawn Location: 7:00

tigro

  • Race: Terran Terran
  • League: Bronze
  • Spawn Location: 6:00

TATORREA

  • Race: Protoss Protoss
  • League: Silver
  • Spawn Location: 7:00

Rick

  • Race: Protoss Protoss
  • League: Silver
  • Spawn Location: 12:00

MITHDRAUG

  • Race: Protoss Protoss
  • League: Silver
  • Spawn Location: 1:00

Nicraf

  • Race: Protoss Protoss
  • League: Bronze
  • Spawn Location: 1:00

VOD

Have the link to the VOD?

Description

Time

  • Played on: June 2, 2020, 9:46 p.m.
  • Length: 24:36
Show
View Real Time Build Order
Export as new Build Order

MrFercho Zerg 

Build Orders: Pool First 

Get SALT Encoding   

  12  0:01  Drone  
  13  0:10  Drone  
  14  0:28  Extractor x2  
  14  0:30  Drone x2  
  16  1:02  Spawning Pool  
  15  1:18  Hatchery  
  14  1:28  Hatchery  
  14  1:30  Overlord  
  13  1:38  Drone  
  13  1:39  Extractor x2  
  12  1:43  Drone  
  13  1:58  Queen  
  15  2:06  Drone x2  
  17  2:15  Drone  
  18  2:28  Drone x2  
  20  2:30  Drone  
  21  2:39  Drone  
  21  2:42  Drone x2  
  24  2:52  Drone x3  
  27  3:01  Overlord  
  27  3:17  Pneumatized Carapace  
  27  3:18  Lair  
  27  3:25  Evolution Chamber  
  26  3:28  Drone x3  
  29  3:43  Zergling x2  
  29  3:44  Zergling x14  
  29  3:45  Zergling x2  
  38  3:50  Zergling x4  
  38  3:53  Zergling x2  
  41  3:59  Overlord  
  41  4:04  Drone  
  41  4:08  Extractor  
  41  4:16  Queen  
  41  4:17  Metabolic Boost  
  41  4:23  Zerg Ground Armor Level 1  
  43  4:31  Evolution Chamber  
  43  4:38  Hydralisk Den  
  41  4:54  Nydus Network  
  40  5:08  Overseer  
  40  5:16  Drone x3  
  40  5:20  Drone  
  40  5:21  Drone x6  
  50  5:30  Zerg Melee Weapons Level 1  
  50  5:55  Overlord  
  50  5:56  Overlord x4  
  50  6:04  Extractor  
  50  6:05  Drone  
  38  6:40  Zergling x2  
  38  6:41  Zergling x16  
  47  6:52  Overseer  
  47  7:06  Zerg Ground Armor Level 2  
  47  7:08  Spine Crawler  
  47  7:10  Spine Crawler  
  44  7:16  Zergling x2  
  44  7:17  Zergling x16  
  53  7:25  Zerg Missile Weapons Level 1  
  53  7:46  Infestation Pit  
  53  7:49  Nydus Canal  
  52  8:25  Overseer  
  52  8:41  Hive  
  52  8:42  Hatchery  
  51  8:53  Grooved Spines  
  51  9:12  Nydus Canal  
  51  9:13  Hydralisk  
  51  9:14  Hydralisk x14  
  81  9:35  Overlord x3  
  81  9:41  Zerg Missile Weapons Level 2  
  81  9:48  Overlord x3  
  81  9:53  Queen  
  83  10:04  Drone  
  83  10:05  Muscular Augments, Drone  
  85  10:23  Hydralisk  
  85  10:24  Hydralisk x10  
  107  10:57  Zerg Ground Armor Level 3  
  105  11:22  Overseer x2  
  87  12:22  Burrow  
  73  12:26  Hydralisk  
  73  12:27  Hydralisk x12  
  99  12:46  Drone  
  100  12:56  Spire  
  100  12:57  Hatchery  
  98  12:59  Extractor, Zerg Missile Weapons Level 3  
  98  13:02  Extractor  
  96  13:22  Nydus Canal  
  96  13:47  Nydus Canal  
  96  14:09  Hydralisk x12  
  120  15:13  Drone x6  
  126  15:30  Spore Crawler  
  126  15:31  Spore Crawler  
  126  15:32  Spore Crawler  
  126  15:35  Spore Crawler  
  122  15:39  Spore Crawler  
  115  16:29  Hydralisk  
  115  16:30  Hydralisk  
  119  16:33  Overlord x2  
  119  16:34  Overlord x7  
  119  17:16  Hydralisk x6  
  119  17:17  Hydralisk x6  
  143  17:25  Hatchery  
  70  18:26  Hydralisk  
  70  18:27  Hydralisk x2  
  70  18:50  Nydus Canal  
  70  18:51  Extractor  
  70  18:54  Extractor  
  68  19:06  Hydralisk  
  68  19:07  Hydralisk x12  
  68  19:08  Hydralisk x6  
  77  20:19  Hydralisk x12  
  75  20:42  Hydralisk x7  
  43  21:40  Spore Crawler  
  43  21:41  Spore Crawler  
  43  21:42  Hydralisk  
  43  21:43  Hydralisk x3  
  45  22:14  Queen x2  
  31  23:31  Hydralisk  
  31  23:32  Hydralisk x11  
  46  23:52  Overseer  
Show
View Real Time Build Order
Export as new Build Order

tigro Terran 

Build Orders:  

Get SALT Encoding   

  12  0:03  SCV  
  13  0:15  SCV  
  14  0:21  Supply Depot  
  14  0:29  SCV  
  15  0:43  SCV  
  16  0:53  Barracks  
  16  0:55  SCV  
  17  0:57  Refinery  
  17  1:01  Refinery  
  17  1:07  SCV  
  18  1:19  SCV  
  19  1:31  Supply Depot, SCV  
  20  1:46  Marine  
  21  2:04  Marine  
  21  2:07  Barracks  
  22  2:09  SCV  
  22  2:11  Engineering Bay  
  23  2:21  SCV  
  23  2:22  Marine  
  25  2:33  SCV  
  26  2:40  Marine  
  27  2:50  Orbital Command  
  27  2:58  Marine  
  28  3:01  Barracks Tech Lab  
  28  3:05  Terran Infantry Weapons Level 1  
  28  3:22  Command Center  
  28  3:25  Barracks Tech Lab  
  28  3:26  Marine  
  29  3:44  Marine  
  29  3:45  Combat Shield  
  29  3:48  Stimpack  
  30  3:53  Marine  
  31  4:01  SCV  
  31  4:02  Marine  
  33  4:09  Missile Turret  
  33  4:11  Marine  
  34  4:20  Marine  
  35  4:52  Factory  
  35  4:53  Refinery  
  35  4:59  Terran Infantry Armor Level 1  
  35  5:00  Planetary Fortress  
  35  5:04  Concussive Shells  
  35  5:37  Factory Tech Lab  
  35  5:53  SCV  
  35  5:56  Starport  
  36  6:05  SCV  
  37  6:17  SCV  
  38  6:21  Marine  
  38  6:22  Marine  
  39  6:29  SCV  
  36  6:39  Marine x2  
  36  6:41  SCV  
  39  6:53  Neosteel Armor  
  33  6:57  Marine x2  
  33  7:00  Siege Tank  
  38  7:02  Medivac  
  40  7:15  Marine x2  
  40  7:33  Marine x2  
  42  7:41  Fusion Core  
  42  7:43  Siege Tank  
  45  7:49  Refinery  
  45  7:51  Marine x2  
  47  8:08  Marine  
  47  8:09  Marine  
  49  8:15  Siege Tank  
  52  8:26  Marine x2  
  54  8:29  Starport Tech Lab  
  54  8:32  Weapon Refit  
  54  8:33  Hi-Sec Auto Tracking  
  54  8:44  Armory, Marine x2  
  54  8:47  Siege Tank  
  59  9:07  Supply Depot  
  59  9:30  Supply Depot  
  59  9:34  Missile Turret  
  59  9:35  Terran Infantry Weapons Level 2  
  59  9:39  Terran Vehicle Weapons Level 1  
  59  9:42  Thor  
  65  9:53  Missile Turret  
  65  10:07  Battlecruiser  
  71  10:12  Rapid Reignition System  
  71  10:24  Missile Turret  
  64  10:45  Missile Turret  
  51  11:09  Advanced Ballistics  
  51  11:16  Missile Turret  
  51  11:19  Medivac  
  51  11:23  Marine x2  
  55  11:33  Terran Vehicle And Ship Armor Level 1  
  55  11:36  Cloaking Field  
  55  11:40  Marine  
  55  11:41  Marine  
  57  11:49  Medivac  
  57  11:51  Terran Infantry Armor Level 2  
  59  11:58  Marine x2  
  61  12:16  Marine x2  
  61  12:19  Battlecruiser  
  69  12:27  Missile Turret  
  69  12:34  Marine x2  
  69  12:35  Siege Tank  
  74  12:47  Missile Turret  
  74  12:52  Marine x2  
  74  12:55  Hyperflight Rotors  
  76  13:08  Missile Turret  
  76  13:09  Marine  
  76  13:10  Marine  
  78  13:28  Terran Ship Weapons Level 1  
  78  13:30  Marine x2, Battlecruiser, Missile Turret  
  86  13:35  Command Center  
  86  13:47  Marine x2  
  88  14:00  Missile Turret  
  88  14:27  Refinery  
  88  14:33  Supply Depot, Terran Infantry Weapons Level 3  
  88  14:48  Refinery  
  88  14:50  Siege Tank  
  91  14:56  Corvid Reactor  
  91  14:57  Supply Depot, Planetary Fortress  
  97  15:14  Battlecruiser  
  97  15:56  Marine x2  
  83  16:14  Marine x2  
  73  16:32  Marine x2  
  68  16:50  Marine x2  
  70  17:02  Missile Turret  
  70  17:07  Marine  
  70  17:08  Marine  
  72  17:10  Terran Infantry Armor Level 3  
  72  17:14  Battlecruiser  
  78  17:24  Missile Turret  
  61  18:18  Battlecruiser  
  46  18:44  Missile Turret  
  46  19:03  Missile Turret  
  46  19:08  Marine  
  46  19:09  Marine  
  42  19:22  Medivac  
  40  19:26  Marine x2  
  42  19:44  Marine x2  
  44  19:52  Medivac  
  40  20:02  Marine x2  
  40  20:20  Marine x2  
  42  20:22  Battlecruiser  
  48  20:38  Marine x2  
  40  20:55  Marine x2  
  31  21:13  Marine x2  
  12  21:26  Battlecruiser  
  12  21:31  Marine x2  
  10  21:49  Marine x2  
  8  22:07  Marine x2  
  10  22:11  Orbital Command  
  10  22:24  Marine  
  10  22:25  Marine  
  17  22:42  Marine  
  3  22:55  Marine  
  4  23:00  Marine  
  4  23:04  SCV  
  6  23:13  Marine  
  6  23:16  SCV  
  6  23:18  Marine  
  9  23:27  Refinery  
  9  23:31  Marine  
  10  23:36  Marine  
  11  23:41  Armory  
  11  23:42  SCV  
  12  23:49  Marine  
  12  23:53  Marine  
  12  23:55  SCV  
  15  24:06  Marine  
  15  24:07  SCV  
  17  24:11  Marine  
  17  24:19  SCV  
  15  24:30  Starport  
Show
View Real Time Build Order
Export as new Build Order

TATORREA Protoss 

Build Orders: Carriers 

Get SALT Encoding   

  12  0:01  Probe  
  13  0:24  Pylon  
  13  0:42  Probe  
  14  0:54  Probe  
  15  1:02  Gateway  
  15  1:05  Gateway  
  15  1:06  Probe  
  16  1:18  Probe  
  17  1:23  Assimilator  
  17  1:30  Probe  
  18  1:42  Probe  
  19  1:54  Probe  
  20  2:06  Probe  
  21  2:20  Nexus  
  21  2:21  Pylon  
  21  2:25  Pylon  
  21  2:29  Cybernetics Core  
  20  3:02  Probe  
  20  3:04  Assimilator  
  21  3:13  Warp Gate (Chrono Boost)  
  21  3:14  Stalker x2, Probe  
  26  3:33  Probe  
  27  3:34  Probe  
  28  3:49  Probe x2  
  30  3:56  Pylon  
  30  3:59  Pylon  
  30  4:06  Pylon  
  30  4:11  Forge  
  30  4:12  Twilight Council  
  30  4:15  Gateway  
  30  4:18  Gateway, Probe x2  
  30  4:20  Gateway  
  32  4:30  Probe x2  
  34  4:37  Assimilator  
  34  4:39  Assimilator  
  34  4:49  Charge  
  34  4:51  Probe x2  
  36  4:59  Stalker  
  38  5:02  Stalker  
  40  5:08  Protoss Ground Weapons Level 1  
  40  5:10  Probe x2  
  42  5:24  Stalker x3  
  42  5:25  Stalker  
  42  5:28  Probe  
  51  5:29  Probe  
  52  5:39  Templar Archives  
  52  5:40  Probe  
  52  5:41  Probe  
  54  5:52  Probe  
  54  5:53  Probe  
  56  6:04  Probe  
  56  6:05  Probe  
  58  6:16  Probe  
  58  6:17  Probe, Psionic Storm  
  52  6:36  Stalker  
  52  6:37  Stalker x4  
  58  6:42  Probe x2  
  56  6:54  Nexus  
  56  6:55  Blink  
  56  7:08  Stalker x4  
  64  7:20  Protoss Air Weapons Level 1  
  64  7:36  Probe x2  
  66  7:41  High Templar x2  
  70  7:48  Probe x2  
  72  7:51  High Templar  
  72  7:53  Assimilator  
  72  7:58  Assimilator  
  74  8:00  Probe x2, Protoss Ground Weapons Level 2  
  76  8:15  Probe x3  
  79  8:28  Probe x3  
  82  8:38  Pylon  
  82  8:40  Probe x3  
  85  8:41  Pylon  
  85  8:46  Pylon  
  85  8:50  Pylon  
  85  8:55  Pylon  
  85  8:58  Pylon  
  85  9:04  Stargate  
  85  9:07  Stargate  
  85  9:09  Stargate  
  85  9:13  High Templar x2  
  85  9:14  Robotics Facility, High Templar  
  91  9:31  Nexus  
  91  9:34  Protoss Air Armor Level 1  
  91  9:45  Archon  
  91  9:52  Archon  
  71  10:38  Stalker x5  
  71  10:41  Observer  
  82  10:45  Phoenix x3  
  86  11:08  Nexus  
  86  11:11  High Templar x3  
  88  11:12  High Templar x2  
  88  11:18  Immortal  
  100  11:21  Phoenix x2  
  100  11:22  Phoenix  
  106  11:29  Fleet Beacon  
  106  11:32  Robotics Bay  
  106  11:51  High Templar x2  
  66  13:19  Carrier x2 (Chrono Boost)  
  84  13:20  Carrier (Chrono Boost)  
  84  13:24  High Templar x2  
  88  13:32  Extended Thermal Lance  
  88  13:45  Assimilator  
  88  13:46  Protoss Ground Weapons Level 3  
  88  13:47  Assimilator  
  88  13:57  High Templar  
  90  14:20  Tempest x3 (Chrono Boost)  
  105  14:39  High Templar x2  
  105  14:40  High Templar x2  
  105  14:42  High Templar  
  115  14:47  Archon  
  115  14:49  Archon  
  115  14:50  Archon  
  115  14:59  Carrier  
  121  15:10  Protoss Air Weapons Level 2  
  121  15:15  High Templar x2  
  125  15:40  Tempest x2  
  110  16:03  Tempest  
  99  16:29  Zealot x2  
  99  16:30  Zealot x3  
  109  16:53  High Templar x3  
  115  16:54  High Templar x2  
  119  17:10  Protoss Ground Armor Level 1  
  119  17:39  High Templar x2  
  119  17:40  High Templar x3  
  123  17:53  Nexus  
  61  18:28  High Templar x3  
  61  18:29  High Templar x2  
  61  18:33  Carrier x2  
  83  19:07  High Templar x4  
  91  19:12  Archon  
  91  19:13  Archon  
  91  19:14  Archon  
  91  19:18  Protoss Shields Level 1  
  91  19:21  Carrier  
  97  19:48  Assimilator  
  97  19:53  High Templar x3  
  97  19:55  Assimilator  
  77  20:41  High Templar  
  77  20:42  High Templar x3  
  75  20:50  Phoenix  
  77  21:06  Phoenix x2  
  81  21:15  Phoenix  
  75  21:29  High Templar x2  
  75  21:30  High Templar x3  
  75  21:31  Phoenix x2  
  65  22:03  High Templar  
  65  22:04  High Templar  
  65  22:06  High Templar  
  58  22:39  Pylon  
  58  22:41  Pylon  
  58  22:46  Pylon  
  58  22:47  Pylon  
  58  22:51  Pylon  
  58  22:53  Pylon  
  58  22:56  Pylon  
  56  22:59  Pylon  
  56  23:02  Pylon  
  50  23:06  Pylon  
  50  23:13  Pylon  
  50  23:17  Gateway  
  50  23:18  Pylon  
  50  23:19  Gateway  
  50  23:21  Pylon  
  50  23:22  Gateway x2  
  50  23:23  Gateway  
  50  23:24  Pylon  
  50  23:29  Pylon  
  50  23:31  Pylon  
  35  23:40  Nexus  
  29  24:00  Gateway  
  29  24:02  Gateway  
  29  24:05  Gateway  
  29  24:08  Gateway  
  29  24:11  Gateway  
  29  24:15  Assimilator  
  26  24:19  Assimilator  
  15  24:28  Cybernetics Core  
Show
View Real Time Build Order
Export as new Build Order

Rick Protoss 

Build Orders: Carriers 

Get SALT Encoding   

  12  0:30  Pylon  
  12  0:57  Gateway  
  12  1:20  Pylon  
  12  1:34  Pylon  
  12  2:01  Cybernetics Core  
  12  2:13  Forge  
  12  2:31  Pylon  
  12  2:35  Assimilator  
  12  2:37  Probe (Chrono Boost)  
  13  2:45  Assimilator  
  13  2:46  Probe  
  14  2:58  Probe  
  15  3:10  Probe  
  16  3:19  Photon Cannon  
  16  3:22  Probe  
  17  3:58  Photon Cannon  
  17  4:03  Nexus  
  17  4:12  Probe (Chrono Boost)  
  18  4:20  Pylon  
  18  4:22  Pylon, Probe (Chrono Boost)  
  19  4:25  Pylon  
  19  4:33  Photon Cannon  
  19  4:49  Stargate x2  
  19  5:02  Assimilator  
  19  5:06  Assimilator  
  19  5:18  Stargate  
  19  5:27  Probe (Chrono Boost)  
  20  5:37  Probe (Chrono Boost)  
  20  5:39  Void Ray  
  20  5:42  Probe (Chrono Boost)  
  26  6:00  Probe (Chrono Boost)  
  27  6:10  Probe (Chrono Boost)  
  28  6:17  Probe (Chrono Boost)  
  28  6:18  Probe (Chrono Boost)  
  30  6:24  Void Ray  
  34  6:29  Probe (Chrono Boost)  
  35  6:38  Probe (Chrono Boost)  
  36  6:49  Probe (Chrono Boost)  
  37  6:54  Probe (Chrono Boost)  
  38  7:03  Fleet Beacon  
  38  7:07  Probe (Chrono Boost)  
  40  7:10  Probe (Chrono Boost)  
  40  7:15  Probe (Chrono Boost)  
  41  7:28  Void Ray  
  45  7:34  Void Ray  
  49  7:44  Probe  
  49  7:51  Pylon  
  50  8:24  Photon Cannon  
  50  8:27  Void Ray x2  
  50  8:31  Probe (Chrono Boost)  
  59  8:39  Void Ray  
  64  8:42  Probe (Chrono Boost)  
  65  8:51  Probe (Chrono Boost)  
  65  8:56  Pylon  
  65  8:58  Probe (Chrono Boost)  
  66  9:03  Photon Cannon  
  66  9:09  Void Ray  
  66  9:10  Probe  
  66  9:11  Unknown  
  71  9:22  Probe  
  72  9:38  Carrier  
  74  10:15  Carrier x2  
  86  10:42  Carrier  
  76  11:18  Void Ray  
  76  11:19  Void Ray  
  84  11:43  Stargate  
  84  11:44  Nexus  
  84  11:46  Void Ray  
  83  12:32  Carrier  
  89  12:41  Pylon  
  89  12:43  Carrier  
  89  12:44  Pylon  
  91  12:46  Pylon, Carrier  
  91  12:48  Carrier  
  85  13:36  Void Ray  
  89  13:48  Void Ray (Chrono Boost)  
  93  13:49  Void Ray (Chrono Boost)  
  93  13:52  Void Ray (Chrono Boost)  
  101  13:57  Assimilator  
  101  13:59  Assimilator  
  101  14:20  Carrier (Chrono Boost)  
  107  14:28  Carrier (Chrono Boost)  
  113  14:46  Probe (Chrono Boost)  
  114  14:57  Probe (Chrono Boost)  
  115  15:01  Probe (Chrono Boost)  
  116  15:13  Probe  
  117  15:16  Carrier x2  
  129  15:25  Probe  
  56  16:24  Carrier x4  
  80  17:29  Void Ray x2  
  80  17:30  Void Ray x2  
  96  18:38  Carrier  
  96  18:39  Carrier x2  
  96  18:40  Void Ray  
  114  19:23  Void Ray  
  118  19:48  Void Ray x2  
  74  20:55  Carrier x2  
  86  20:58  Void Ray  
  90  21:08  Probe (Chrono Boost)  
  91  21:17  Probe (Chrono Boost)  
  92  21:24  Probe (Chrono Boost)  
  93  21:35  Probe  
  95  21:47  Probe  
  95  21:49  Carrier  
  95  21:50  Carrier  
  91  23:26  Nexus  
  91  23:28  Assimilator  
  91  23:32  Assimilator  
  91  23:37  Nexus  
Show
View Real Time Build Order
Export as new Build Order

MITHDRAUG Protoss 

Build Orders: Carriers 

Get SALT Encoding   

  12  0:02  Probe  
  13  0:17  Pylon  
  13  0:20  Probe (Chrono Boost)  
  14  0:31  Probe (Chrono Boost)  
  15  0:36  Probe (Chrono Boost)  
  15  0:41  Gateway  
  16  0:46  Assimilator  
  17  0:50  Probe  
  17  1:02  Probe  
  18  1:14  Probe (Chrono Boost)  
  19  1:23  Probe (Chrono Boost)  
  20  1:28  Pylon, Probe (Chrono Boost)  
  23  1:32  Zealot  
  23  1:46  Probe  
  24  1:54  Assimilator  
  24  2:00  Cybernetics Core  
  24  2:03  Zealot  
  24  2:04  Forge  
  26  2:12  Pylon  
  26  2:24  Probe (Chrono Boost)  
  27  2:35  Probe (Chrono Boost)  
  28  2:39  Probe (Chrono Boost)  
  28  2:42  Zealot  
  31  2:48  Twilight Council  
  31  2:55  Stargate  
  31  3:07  Protoss Shields Level 1  
  31  3:09  Zealot  
  33  3:27  Charge  
  33  3:36  Zealot  
  33  3:38  Pylon  
  33  3:41  Nexus  
  35  3:56  Void Ray  
  39  4:03  Zealot  
  41  4:19  Pylon  
  41  4:24  Assimilator  
  41  4:28  Assimilator  
  41  4:32  Zealot  
  43  4:51  Fleet Beacon  
  43  4:59  Zealot (Chrono Boost)  
  45  5:09  Protoss Air Weapons Level 1  
  45  5:10  Void Ray  
  49  5:14  Probe (Chrono Boost)  
  50  5:22  Zealot  
  50  5:25  Probe (Chrono Boost)  
  53  5:35  Unknown  
  53  6:06  Probe (Chrono Boost)  
  54  6:17  Probe (Chrono Boost), Stargate  
  55  6:18  Stargate  
  55  6:21  Probe (Chrono Boost)  
  50  6:32  Probe  
  39  6:43  Zealot  
  39  6:44  Probe  
  42  6:51  Dark Shrine  
  42  7:02  Void Ray  
  46  7:08  Void Ray  
  46  7:10  Zealot (Chrono Boost)  
  52  7:28  Zealot (Chrono Boost)  
  54  7:47  Protoss Air Weapons Level 2, Probe (Chrono Boost)  
  58  7:59  Probe (Chrono Boost)  
  58  8:05  Probe (Chrono Boost)  
  58  8:08  Dark Templar  
  59  8:14  Probe  
  59  8:18  Void Ray  
  64  8:26  Probe  
  64  8:27  Void Ray  
  69  8:38  Gateway  
  69  8:56  Pylon  
  69  9:00  Protoss Shields Level 2  
  69  9:11  Pylon  
  69  9:14  Void Ray, Dark Templar  
  75  9:20  Nexus  
  75  9:48  Zealot  
  77  9:53  Zealot  
  77  9:55  Carrier  
  85  10:32  Zealot x2  
  89  10:59  Zealot x2  
  89  11:09  Carrier  
  101  11:11  Carrier  
  101  11:19  Pylon  
  101  11:31  Pylon  
  101  11:37  Probe (Chrono Boost)  
  101  11:38  Carrier  
  108  11:45  Probe  
  109  11:57  Probe  
  102  12:03  Protoss Shields Level 3  
  102  12:09  Probe  
  103  12:21  Probe  
  103  12:22  Protoss Air Weapons Level 3  
  99  14:13  Pylon  
  99  14:17  Pylon  
  99  14:21  Pylon  
  99  14:26  Pylon  
  99  14:35  Carrier  
  105  14:39  Carrier x2  
  117  14:48  Pylon  
  117  14:53  Nexus  
  117  15:11  Pylon  
  117  15:14  Protoss Air Armor Level 1, Pylon  
  117  15:40  Mothership (Chrono Boost)  
  125  16:19  Tempest  
  125  16:21  Tempest  
  135  16:36  Assimilator  
  135  16:41  Assimilator  
  135  16:52  Tempest  
  140  17:03  Anion Pulse-Crystals  
  140  17:17  Carrier  
  140  17:18  Tempest  
  151  17:27  Protoss Air Armor Level 2  
  92  18:42  Carrier  
  92  18:44  Carrier  
  92  18:45  Carrier  
  110  19:49  Dark Templar  
  110  19:51  Dark Templar  
  114  20:06  Protoss Air Armor Level 3  
  110  20:28  Zealot  
  110  20:30  Zealot  
  112  20:55  Zealot  
  114  20:57  Zealot  
  116  21:22  Zealot  
  116  21:24  Zealot  
  120  21:49  Zealot  
  120  21:52  Zealot  
Show
View Real Time Build Order
Export as new Build Order

Nicraf Protoss 

Build Orders:  

Get SALT Encoding   

  12  0:24  Pylon  
  12  0:32  Probe  
  13  0:44  Gateway  
  13  0:51  Forge  
  13  1:12  Probe  
  14  1:30  Probe  
  15  1:34  Assimilator  
  15  1:36  Gateway  
  15  1:40  Assimilator  
  15  1:42  Probe  
  16  1:47  Zealot  
  18  1:54  Probe  
  19  2:14  Zealot  
  21  2:25  Pylon  
  21  2:29  Zealot  
  23  2:43  Zealot  
  25  2:56  Zealot  
  27  3:02  Cybernetics Core  
  27  3:10  Zealot  
  29  3:40  Nexus  
  29  3:51  Photon Cannon  
  29  3:56  Photon Cannon  
  29  4:02  Assimilator  
  29  4:19  Stalker  
  31  4:42  Twilight Council  
  31  4:52  Stalker x2  
  35  4:54  Shield Battery  
  35  5:01  Pylon  
  35  5:08  Protoss Ground Weapons Level 1  
  35  5:12  Probe (Chrono Boost)  
  36  5:27  Blink  
  36  5:29  Probe  
  37  5:41  Probe  
  38  5:53  Probe  
  39  6:06  Probe  
  40  6:12  Stalker  
  40  6:13  Stalker  
  40  6:18  Probe  
  45  6:30  Probe  
  44  6:42  Probe  
  41  6:54  Stalker  
  41  6:55  Stalker  
  33  7:23  Stalker (Chrono Boost)  
  33  7:24  Stalker (Chrono Boost)  
  37  7:33  Protoss Ground Weapons Level 2  
  37  7:38  Probe  
  38  7:44  Stalker x2  
  38  7:50  Probe  
  43  8:02  Probe  
  44  8:14  Stalker x2, Probe  
  49  8:26  Probe (Chrono Boost)  
  50  8:30  Assimilator  
  50  8:38  Probe (Chrono Boost)  
  51  8:44  Stalker  
  51  8:46  Probe (Chrono Boost)  
  54  8:51  Pylon  
  54  8:53  Pylon  
  54  8:59  Pylon  
  54  9:09  Stalker, Probe  
  57  9:14  Stalker  
  59  9:39  Stalker  
  59  9:45  Stalker (Chrono Boost), Stargate  
  63  9:47  Protoss Air Weapons Level 1  
  63  10:03  Stargate  
  63  10:07  Stalker (Chrono Boost)  
  63  10:11  Stalker (Chrono Boost)  
  51  10:29  Stalker  
  51  10:34  Stalker  
  55  10:48  Fleet Beacon  
  55  10:59  Stalker (Chrono Boost)  
  57  11:04  Pylon  
  57  11:05  Stalker (Chrono Boost)  
  57  11:06  Void Ray x2  
  67  11:25  Stalker (Chrono Boost)  
  69  11:27  Stalker (Chrono Boost)  
  71  11:33  Stargate  
  71  11:35  Unknown  
  71  11:36  Pylon  
  71  11:49  Void Ray x2  
  51  12:32  Void Ray x2  
  59  12:46  Pylon  
  59  12:53  Stalker  
  61  12:59  Protoss Air Weapons Level 2  
  61  13:14  Void Ray  
  61  13:15  Void Ray  
  69  13:21  Stalker  
  69  13:23  Stalker  
  73  13:51  Stalker  
  73  13:53  Stalker  
  77  13:57  Void Ray  
  81  14:26  Stalker x2  
  85  14:40  Pylon  
  85  14:44  Pylon  
  85  14:52  Pylon  
  85  14:56  Stalker x2  
  89  15:26  Stalker x2  
  93  15:43  Void Ray x2  
  101  15:56  Stalker x2  
  93  16:26  Stalker x2  
  73  16:56  Stalker x2  
  77  17:16  Void Ray  
  77  17:17  Void Ray x2  
  89  17:26  Stalker x2  
  93  17:32  Protoss Ground Weapons Level 3  
  73  17:59  Void Ray  
  73  18:00  Void Ray x2  
  60  19:20  Nexus  
  60  19:26  Nexus  
  60  19:34  Pylon  
  60  19:59  Protoss Air Weapons Level 3  
  60  20:20  Pylon  
  60  20:26  Assimilator  
  48  20:31  Assimilator  
  48  20:35  Void Ray x2  
  56  20:57  Probe  
  57  21:09  Probe  
  58  21:14  Stalker x2  
  60  21:21  Probe  
  61  21:33  Probe  
  62  21:45  Probe  
  63  21:50  Stalker x2  
  67  22:12  Void Ray x2  
  75  22:20  Stalker x2  
  79  22:24  Protoss Ground Armor Level 1  
  79  22:50  Stalker x2  
  83  23:03  Void Ray  
  87  23:16  Void Ray  
  91  23:20  Stalker x2  
  95  23:50  Stalker x2  
Tags
 
Add a new tag
Caveats
  • Supply blocks, unpowered buildings, or Contaminate may cause inaccurate times.
  • Supply counts are checked every 10 seconds.